 Dungeon Crawl Stone Soup version 0.30.1-3-gfc49f6343a (webtiles) character file.

Game seed: 16387329104913760814

2051 javelincjr the Trooper (level 9, -3/71 HPs)
             Began as a Demonspawn Fighter on July 25, 2023.
             Was a Priest of Lugonu.
             Slain by an ice beast (10 damage)
             ... on level 6 of the Dungeon.
             The game lasted 00:16:23 (4814 turns).

javelincjr the Trooper (Demonspawn Fighter)         Turns: 4814, Time: 00:16:23

Health: -3/71      AC:  6    Str: 21    XL:     9   Next: 4%
Magic:  4/12       EV: 12    Int: 11    God:    Lugonu [***...]
Gold:   216        SH:  5    Dex: 15    Spells: 8/8 levels left

rFire   + . .        s - +0 dagger of Mutilation {vamp, Drain rN+ Will++ Int+2}
rCold   . . .        c - +0 buckler
rNeg    + + .        k - +3 leather armour {rF+}
rPois   .            (no helmet)
rElec   .            (no cloak)
rCorr   .            (no gloves)
SInv    .            (no boots)
Will    +++..        t - amulet of the acrobat
Stlth   ++           m - ring of positive energy
HPRegen 1.31/turn    v - ring of willpower
MPRegen 0.13/turn

%: acrobat
@: no status effects
A: thin skeletal structure 1, powered by death 1, spiny 2
a: Renounce Religion, Depart the Abyss, Banish


You were on level 6 of the Dungeon.
You worshipped Lugonu.
Lugonu was most pleased with you.
You visited 1 branch of the dungeon, and saw 6 of its levels.

You collected 216 gold pieces.

Inventory:

Hand Weapons
 a - a +0 war axe
 p - a +0 halberd
 s - the +0 dagger of Mutilation (weapon) {vamp, Drain rN+ Will++ Int+2}
   (You found it on level 2 of the Dungeon)

   Int:       It affects your intelligence (+2).
   rN:        It protects you from negative energy.
   Drain:     It drains your maximum health when unequipped.
   Will:      It greatly increases your willpower.
 u - a +3 war axe
 A - a +2 dagger of flaming
Missiles
 x - 2 poisoned darts (quivered)
Armour
 b - a +0 scale mail
 c - a +0 buckler (worn)
 k - a +3 leather armour of fire resistance (worn)
Jewellery
 m - a ring of positive energy (left hand)
 t - an amulet of the acrobat (around neck)
 v - a ring of willpower (right hand)
 B - a ring of resist corrosion
Wands
 y - a wand of acid (8)
Scrolls
 g - a scroll of amnesia {unknown}
 l - 3 scrolls of blinking
 q - 3 scrolls of teleportation {unknown}
 r - a scroll of enchant weapon {unknown}
 C - a scroll of brand weapon {unknown}
Potions
 d - 2 potions of might
 e - 2 potions of flight
 f - a potion of mutation {unknown}
 h - 5 potions of curing
 i - 5 potions of attraction
 j - 2 potions of haste
 n - 2 potions of heal wounds {unknown}
 o - 2 potions of lignification {unknown}
 w - a potion of invisibility {unknown}
 z - 2 potions of ambrosia {unknown}


   Skills:
 * Level 6.8 Fighting
 + Level 3.3 Short Blades
 + Level 4.3 Axes
 + Level 4.7 Armour
 + Level 3.5 Dodging
 + Level 4.8 Shields
 + Level 4.2 Invocations


You had 8 spell levels left.
You didn't know any spells.
Your spell library contained the following spells:

 Spells                   Type           Power      Damage    Failure   Level
 Beastly Appendage        Tmut           0%         N/A       45%         1
 Freeze                   Ice            0%         1d3       45%         1
 Wereblood                Tmut           0%         N/A       58%         2
 Frozen Ramparts          Ice            0%         1d1       83%         3
 Hailstorm                Conj/Ice       0%         3d3       83%         3
 Spider Form              Tmut/Pois      0%         N/A       83%         3
 Olgreb's Toxic Radiance  Pois           0%         N/A       99%         4
 Discord                  Hex            0%         N/A       100%        8
 Ignition                 Fire           0%         3d3       100%        8


Dungeon Overview and Level Annotations

Branches:
Dungeon (6/15)             Temple (0/1) D:5

Altars:
Fedhas
Qazlal
Uskayaw
Lugonu

Shops:
D:2 [

Annotations:
D:6 1 runed translucent door, superradish's ghost, novice DsBr


Innate Abilities, Weirdness & Mutations

You have a somewhat thin skeletal structure. (Dex +2, Stealth+)
You regenerate a little health from kills.
You are mostly covered in sharp spines.


Message History

You hit the wight but do no damage. The wight barely misses you.
You hit the wight but do no damage. The wight closely misses you.
You hit the wight but do no damage. You closely miss the wight.
The wight hits you with a +2 battleaxe of freezing!
* * * LOW HITPOINT WARNING * * *
You partially resist.
You feel drained. The wight freezes you.
* * * LOW HITPOINT WARNING * * *
You barely miss the wight. The wight is struck by your spines.
The wight hits you with a +2 battleaxe of freezing!
* * * LOW HITPOINT WARNING * * *
You partially resist.
You feel drained.
* * * LOW HITPOINT WARNING * * *
The wight freezes you.
* * * LOW HITPOINT WARNING * * *
Press: ? - help, Shift-Dir - straight line, f - wight
Aim: a wight, wielding a +2 battleaxe of freezing and wearing a +0 robe (moderately damaged, chance to affect: 81%)
You fail to use your ability.
The wight barely misses you.
Press: ? - help, Shift-Dir - straight line, f/p - wight
Aim: a wight, wielding a +2 battleaxe of freezing and wearing a +0 robe (moderately damaged, chance to affect: 81%)
The wight barely resists.
The wight is struck by your spines. The wight misses you.
You hit the wight.
The wight is severely damaged.
The wight is struck by your spines.
You destroy the wight!
Lugonu accepts your kill.
Your life force feels restored.
You hit the ice beast but do no damage.
The ice beast is heavily wounded.
The ice beast is struck by your spines. The ice beast misses you.
You hit the ice beast but do no damage.
The ice beast is severely wounded.
You block the ice beast's attack.
You hit the ice beast but do no damage.
The ice beast is severely wounded.
The ice beast hits you.
* * * LOW HITPOINT WARNING * * *
The ice beast freezes you!
You die...

##.....##..#
##.......#..# <
#...........##..
................
#.....##......
#....§§...... #.#
#....§..# #.#
#######.>#Y##.# #.#
#P8P#......@# # #.#
#.[W#.......# #.#
##+##.......#
#.###...........#
##.##....#.......#[#
...................#
##.##<..##............
#.###.###.#.......###
#.# #.# #.###...#.#


You could see an ice beast.

Vanquished Creatures
  Eustachio (D:6)
  3 water moccasins
  2 black bears
  2 ice beasts
  2 ogres (D:5)
  A centaur (D:5)
  4 scorpions
  A water moccasin zombie (D:5)
  A wight (D:6)
  3 centaur zombies (D:5)
  2 hounds (D:6)
  2 jellies (D:4)
  2 bullfrog skeletons (D:5)
  2 iguanas
  A scorpion zombie (D:5)
  An orc wizard (D:4)
  2 hound zombies (D:5)
  A howler monkey zombie (D:5)
  8 adders
  A white imp (D:6)
  2 adder skeletons (D:5)
  5 worms
  3 dart slugs
  5 orcs
  5 ball pythons
  7 bats
  4 endoplasms
  4 giant cockroaches
  3 goblins
  5 hobgoblins
  4 jackals (D:2)
  4 kobolds
  4 quokkas
  4 frilled lizards
  3 rats
104 creatures vanquished.

Notes
Turn   | Place    | Note
-------+----------+-------------------------------------------
     0 | D:1      | javelincjr the Demonspawn Fighter began the quest for the
                  | Orb.
     0 | D:1      | Reached XP level 1. HP: 18/18 MP: 1/1
    80 | D:1      | Gained mutation: You are partially covered in sharp spines.
                  | [demonic ancestry]
    80 | D:1      | Reached XP level 2. HP: 24/24 MP: 2/2
   181 | D:1      | Found a faded altar of an unknown god.
   187 | D:1      | Prayed at the altar of an unknown god.
   187 | D:1      | Became a worshipper of Lugonu the Unformed
   187 | D:1      | Reached * piety under Lugonu
   746 | D:2      | Found Ileoler's Assorted Antiques.
   830 | D:2      | Found Bastrimitt's Antique Armour Boutique.
   998 | D:2      | Identified the +0 dagger of Mutilation {vamp, Drain rN+
                  | Will++ Int+2}
  1052 | D:2      | Reached XP level 3. HP: 29/29 MP: 3/3
  1095 | D:2      | Reached ** piety under Lugonu
  1562 | D:3      | Found a stormy altar of Qazlal.
  2165 | D:4      | Gained mutation: You have a somewhat thin skeletal
                  | structure. (Dex +2, Stealth+) [demonic ancestry]
  2165 | D:4      | Reached XP level 4. HP: 36/36 MP: 4/4
  2417 | D:4      | Reached skill level 1 in Dodging
  2503 | D:4      | Found a blossoming altar of Fedhas.
  2504 | D:4      | Found a hide-covered altar of Uskayaw.
  2559 | D:4      | Reached skill level 1 in Short Blades
  2559 | D:4      | Gained mutation: You are mostly covered in sharp spines.
                  | [demonic ancestry]
  2559 | D:4      | Reached XP level 5. HP: 36/42 MP: 5/5
  2604 | D:4      | Reached skill level 4 in Fighting
  2886 | D:5      | Entered Level 5 of the Dungeon
  2886 | D:5      | Noticed an ogre
  2896 | D:5      | Killed an ogre
  2897 | D:5      | Reached XP level 6. HP: 39/49 MP: 6/6
  2999 | D:5      | Noticed a water moccasin
  3015 | D:5      | Killed a water moccasin
  3016 | D:5      | Reached skill level 1 in Invocations
  3136 | D:5      | Noticed a water moccasin
  3143 | D:5      | Killed a water moccasin
  3143 | D:5      | Reached *** piety under Lugonu
  3144 | D:5      | Reached skill level 5 in Fighting
  3144 | D:5      | Reached XP level 7. HP: 48/56 MP: 6/8
  3650 | D:5      | Gained mutation: You regenerate a little health from kills.
                  | [demonic ancestry]
  3650 | D:5      | Reached XP level 8. HP: 28/64 MP: 9/9
  3664 | D:5      | Found a staircase to the Ecumenical Temple.
  4058 | D:5      | Reached skill level 6 in Fighting
  4382 | D:6      | Noticed Eustachio
  4413 | D:6      | Killed Eustachio
  4739 | D:6      | Found a runed translucent door.
  4742 | D:6      | Noticed superradish's ghost (novice DsBr)
  4802 | D:6      | Reached XP level 9. HP: 27/71 MP: 7/12
  4814 | D:6      | Slain by an ice beast

Illustrated notes

Levels and vault maps discovered:
D:1:      spicycebolla_arrival_xxxplode, layout_basic,
          ebering_ecumenical_altar_abandoned
D:2:      layout_loops_ring, serial_shops, shop, shop
D:3:      layout_loops_ring, mainiacjoe_overflow_brackets
D:4:      layout_loops_cross, nicolae_overflow_hidden_temple
D:5:      layout_basic, minmay_temple_entry_enclosed_plants, serial_undead,
          serial_undead_d, serial_undead_d, serial_undead_a, serial_undead_b,
          serial_undead_e
D:6:      layout_loops_ring, gammafunk_ghost_grave, uniq_eustachio

Skill      XL: |  1  2  3  4  5  6  7  8 |
---------------+-------------------------+-----
Axes           | 2 3 4 |  4.3
Shields        | 3 4 |  4.8
Armour         | 3 4 |  4.7
Dodging        | 1 2 3 |  3.5
Short Blades   | 1 2 3 |  3.3
Fighting       | 4 5 6 |  6.8
Invocations    | 1 2 4 |  4.2

Action                     |  1- 3 |  4- 6 |  7- 9 || total
---------------------------+-------+-------+-------++-------
  Melee: War axe           |    35 |       |       ||    35
         Dagger            |   106 |    92 |   244 ||   442
  Throw: Dart              |       |     1 |       ||     1
 Invoke: Banish            |       |       |     2 ||     2
    Use: Scroll            |       |       |     5 ||     5
   Stab: Sleeping          |       |       |     4 ||     4
 Armour: Scale mail        |    50 |    29 |    86 ||   165
         Leather armour    |       |       |     9 ||     9
  Dodge: Dodged            |    44 |    40 |   125 ||   209
  Block: Buckler           |    20 |    24 |    50 ||    94
